[Event "ESP-chT Honor Division 2022"]
[Site "Linares"]
[Date "2022.09.22"]
[Round "6.22"]
[White "Yuffa, Daniil"]
[Black "Forcen Esteban, Daniel"]
[Result "1/2-1/2"]
[ECO "D30"]
[WhiteElo "2600"]
[BlackElo "2580"]
[Annotator "TA"]
[PlyCount "120"]
[EventDate "2022.09.17"]
[EventType "team-tourn"]
[EventCountry "ESP"]
[SourceTitle "playchess.com"]
[Source "ChessBase"]
[SourceQuality "1"]
[TimeControl "5400+30"]

1. d4 d5 2. c4 e6 3. Nf3 Nf6 4. g3 Bb4+ 5. Bd2 a5 6. Qc2 O-O 7. Bg2 c5 {[%emt 0:00:06] E11: Bogo-Indian.} 8. dxc5 d4 9. Bxb4 axb4 {[%emt 0:00:05] White is slightly better.} 10. Ne5 {[%emt 0:00:06] Against Nc6} Qc7 11. Nd3 Nc6 12. Nd2 e5 {[%emt 0:00:27][%cal Be6e5,Be5e4][%mdl 32] [#]} 13. O-O $146 ({Predecessor:} 13. Ne4 Nxe4 14. Bxe4 f5 15. Bd5+ Kh8 16. Qd2 Rd8 17. Nxb4 Ra4 18. Bxc6 bxc6 19. b3 {½-½ (38) Meskovs,N (2561)-Moussard,J (2630) Germany 2022}) 13... Bf5 14. Nb3 (14. Qb3 $11) 14... e4 $15 {[%emt 0:03:56][%mdl 1024] Black has compensation.} 15. Nf4 Qe5 {[%emt 0:00:07] Prevents Nd5.} 16. Qc1 h6 17. f3 Rfe8 18. fxe4 Bxe4 19. Bf3 Bxf3 20. exf3 g5 (20... Nh5 $1 $15 {deserves consideration.}) 21. Nd3 Qe2 22. Qd1 g4 23. Qxe2 Rxe2 24. Rae1 Rxe1 25. Rxe1 gxf3 26. Kf2 Rxa2 27. Kxf3 Ra8 28. Kf4 Kg7 29. Nd2 Nd7 30. g4 Nf8 31. Kg3 Ng6 32. h4 f6 33. Nf3 Ra2 34. Re6 {[%emt 0:01:46] Strongly threatening Rd6.} Nge5 (34... Kf7 $1 $11 {keeps the balance.} 35. Rd6 Nge5 36. Nfxe5+ Nxe5 37. Rxd4 Nxd3 38. Rxd3 Rxb2) 35. Nfxe5 $16 Nxe5 (35... fxe5 $16 36. h5 Kh7) 36. Nxe5 $2 (36. Re7+ $18 Kf8 37. Rxb7 Nxd3 38. c6) 36... fxe5 $11 37. Rxe5 {[%emt 0:01:17] [#] Re7+ is the strong threat.} Rxb2 $16 {[%emt 0:00:03][%mdl 4096] Endgame KR-KR} 38. Re7+ Kf6 39. Rxb7 b3 40. c6 Ke6 41. g5 hxg5 {[%emt 0:00:10] The position is equal.} 42. hxg5 {[%emt 0:00:04] [#] White wants to mate with g6.} Rb1 $1 43. Kf2 $1 Rb2+ $1 44. Kf3 {[%emt 0:00:52] Intending c7 and mate.} Rb1 $1 45. g6 {[%emt 0:00:56] Threatening mate with c7.} Rg1 46. Ke4 Rg4+ 47. Kd3 Rxg6 (47... Kd6 {keeps more tension.} 48. c7 Kd7 49. g7 Rg3+) 48. Kxd4 {[%emt 0:00:18] And now c5 would win.} Rg4+ 49. Kc5 (49. Kc3 $5 b2 50. Rxb2 $11 (50. c5 Kd5 $11)) 49... Rg5+ 50. Kd4 {[%emt 0:00:50] aiming for c5.} (50. Kb6 $5 b2 51. Ka6 $11) 50... Kd6 {[%emt 0:00:22] Prevents c5+.} 51. c7 Kd7 52. Rxb3 Kxc7 53. Rh3 Rg6 54. Rh5 Kd7 55. Kc5 Kc7 56. Rh7+ Kc8 57. Kb5 Rf6 58. c5 Rg6 59. Rf7 Rh6 60. c6 Rh1 {[%emt 0:00:03] Weighted Error Value: White=0.11 (very precise) /Black=0.09 (flawless)} 1/2-1/2

[Event "ESP-chT Honor Division 2022"]
[Site "Linares"]
[Date "2022.09.22"]
[Round "6.23"]
[White "Buksa, Nataliya"]
[Black "Ibarra Jerez, Jose Carlos"]
[Result "1/2-1/2"]
[ECO "B30"]
[WhiteElo "2407"]
[BlackElo "2570"]
[Annotator "TA"]
[PlyCount "83"]
[EventDate "2022.09.17"]
[EventType "team-tourn"]
[EventCountry "ESP"]
[SourceTitle "playchess.com"]
[Source "ChessBase"]
[SourceQuality "1"]
[TimeControl "5400+30"]

1. e4 c5 2. Nf3 Nc6 3. Bb5 e6 4. O-O Nge7 5. d4 cxd4 6. Nxd4 Ng6 {[%emt 0:01:02] B30: Sicilian: 2...Nc6 3 Bb5, lines without ...g6.} 7. Be3 Be7 8. Be2 O-O {[%emt 0:01:26] White is slightly better.} 9. c4 b6 $1 {[%emt 0:00:26][%mdl 4] is recently more successful than 9...Nxd4.} 10. Nc3 Bb7 11. Nxc6 Bxc6 12. Qd2 f5 13. exf5 Nh4 14. f3 Nxf5 15. Bf2 Bg5 {[%emt 0:01:53] [#]} 16. f4 $146 ({Predecessor:} 16. Qd3 Bf4 17. Ne4 Qc7 18. g3 Be5 19. Rab1 d5 20. Ng5 Qe7 21. f4 dxc4 22. Qxc4 {½-½ (35) Kobalia,M (2614)-Gelfand,B (2676) Chess.com INT 2020}) 16... Bh6 17. g4 (17. Rae1 $11 {keeps the balance.}) 17... e5 $1 $17 18. Nd5 (18. gxf5 $2 Bxf4 19. Qd1 (19. Qd3 $2 Qg5+ 20. Bg4 Qxg4+ 21. Bg3 Rxf5 $19) 19... Qg5+ 20. Bg4 h5 $19) (18. g5 $2 exf4 19. Qxf4 Bxg5 $19) 18... exf4 {[%emt 0:32:39][%cal Of4f3] ...f3! is the strong threat.} 19. Bf3 Ne3 20. Qd3 Bg5 21. Be4 {[%emt 0:02:05] [#]} Kh8 $1 22. Bxe3 fxe3 23. Bxh7 (23. Bg2 $17) 23... Bxd5 24. cxd5 Bh4 {[%emt 0:00:30] Strongly threatening ...Qg5.} (24... e2 25. Rfe1 $14) 25. Rf5 {[%emt 0:03:10] [#] Inhibits Qg5.} Bf2+ $2 (25... e2 26. Rh5 Qf6 27. Qxe2 Qd4+ 28. Kh1 $18) (25... Rxf5 $1 $19 26. Bxf5 Qe8) 26. Kg2 (26. Kf1 $1 $11 Bh4 27. Ke2) 26... Qh4 $15 27. Qe4 Rxf5 ({Of course not} 27... Qxh7 28. Rh5 Qxh5 29. gxh5 $11) (27... Be1 $5 28. d6 Rxf5 29. Qxf5 (29. Bxf5 $2 Qf2+ 30. Kh3 Rf8 $19) 29... Bb4 $15) 28. Bxf5 Rf8 {[%emt 0:01:43][%cal Og7g6] aiming for ...g6!} 29. Rf1 d6 (29... Qf6 $15 {deserves consideration.} 30. Bxd7 Qxb2) 30. Rc1 Qf6 ({Better is} 30... g6 $11 31. Qd4+ (31. Bxg6 $2 Bg3 $19) 31... Rf6 32. Rc8+ Kg7 33. Rc7+ (33. Bd3 $2 e2 $19) 33... Kf8 34. Rc8+ Kg7 35. Rc7+ (35. Bd3 $2 e2 $19) 35... Kf8 36. Rc8+ Kg7) 31. Rc2 $1 $14 a5 32. a4 Qh6 33. Qe7 Rg8 34. Rc4 {[%emt 0:00:28] Chess con chili. Active counter play!} (34. Rc8 $16 {Rxg8+ would kill now.} Rxc8 35. Bxc8) 34... Bh4 $11 35. Qe4 Bg5 36. Rc1 g6 37. Qd4+ Qg7 38. Qxg7+ Kxg7 39. Be6 Rf8 {[%emt 0:02:30] Threatens to win with ...Rf2+.} 40. Rf1 {[%emt 0:00:17] Against Rf2+} Bf6 41. Rf3 Bd4 {[%emt 0:00:27] ( -> ...e2)} 42. Rxf8 {[%emt 0:00:09] Weighted Error Value: White=0.21 (precise) /Black=0.16 (very precise)} 1/2-1/2

[Event "ESP-chT Honor Division 2022"]
[Site "Linares"]
[Date "2022.09.23"]
[Round "7.1"]
[White "Fedoseev, Vladimir"]
[Black "Shirov, Alexei"]
[Result "1/2-1/2"]
[ECO "D43"]
[WhiteElo "2685"]
[BlackElo "2673"]
[Annotator "TA"]
[PlyCount "92"]
[EventDate "2022.09.17"]
[EventType "team-tourn"]
[EventCountry "ESP"]
[SourceTitle "playchess.com"]
[Source "ChessBase"]
[SourceQuality "1"]
[TimeControl "5400+30"]

1. d4 d5 2. c4 c6 3. Nf3 Nf6 4. Nc3 e6 5. cxd5 exd5 6. Bf4 Bd6 7. Bxd6 Qxd6 8. e3 Bg4 {[%emt 0:05:03] D35: Queen's Gambit Declined: Exchange Variation.} 9. Qb3 {[%emt 0:00:13] [#]} Nbd7 $146 ({Predecessor:} 9... Qe7 10. Ne5 O-O 11. Nxg4 Nxg4 12. Be2 Nf6 13. O-O a5 14. a4 Qb4 15. Qa3 Na6 16. Bxa6 Rxa6 {0-1 (33) Soros,G (1984)-Kristof,P (2137) Hungary 2012}) 10. Qxb7 O-O {[%emt 0:02:01] White is slightly better.} 11. Qa6 Rab8 12. Qa3 Qxa3 13. bxa3 Bxf3 14. gxf3 c5 15. dxc5 Rfc8 16. Nb5 Rxc5 17. Nd4 Rb2 18. Be2 Ra5 19. Bd1 Rxa3 20. Bb3 {[%emt 0:00:09] Threatens to win with Rf1.} Ra5 (20... Nc5 $14 21. O-O h6) 21. Nc2 $1 $16 Ne5 22. O-O-O Rxc2+ 23. Kxc2 $18 Nxf3 24. e4 d4 25. Rd3 Ne5 {[%emt 0:00:04] White must now prevent ...Rc5+.} 26. Rxd4 {[%emt 0:00:11] Rd8+ would kill now.} g5 27. h3 Kg7 28. Rc1 Nc6 $2 (28... Rc5+ {was worth a try.} 29. Kd1 Rxc1+ 30. Kxc1 Nh5) 29. Ra4 Rxa4 30. Bxa4 {[%emt 0:00:01][%mdl 4096] Endgame KRB-KNN} Nb4+ 31. Kd2 ({Not} 31. Kb3 Nd3 32. Rc7 Nxe4 $18) 31... Nxe4+ 32. Ke3 Nxa2 33. Rc2 Nb4 (33... Nac3 $142 34. Bb3 f5) 34. Kxe4 Nxc2 35. Bxc2 {[%emt 0:00:05] KB-KP} Kf6 36. Kd5 h6 37. Kd6 a6 38. Bb3 a5 39. Bd1 $2 (39. Bc2 $1 {mates} g4 40. hxg4 Kg5 41. Bd1 f5 42. gxf5 Kf6 43. Kc5 Kxf5 44. Kb5) 39... Kf5 $11 {[%emt 0:01:02] [#]} 40. Ke7 $1 Kg6 {[%emt 0:00:21] [#]} 41. Bc2+ $2 (41. Kd7 $1 $18 {[%cal Rd7e7] Ke7 is the strong threat.} Kf6 42. Ke8) 41... Kh5 {[%emt 0:02:13] The position is equal.} 42. Kxf7 Kh4 43. Bf5 h5 44. Kf6 g4 45. Ke5 {[%emt 0:01:00] Intending hxg4 and mate.} g3 (45... gxh3 46. Kd4 h2 47. Be4 $18) 46. fxg3+ Kxg3 {[%emt 0:00:10] Black defended with fortune.  Weighted Error Value: White=0.42/Black=0.34} 1/2-1/2

[Event "ESP-chT Honor Division 2022"]
[Site "Linares"]
[Date "2022.09.23"]
[Round "7.2"]
[White "Alekseenko, Kirill"]
[Black "Tabatabaei, M. Amin"]
[Result "1/2-1/2"]
[ECO "C50"]
[WhiteElo "2707"]
[BlackElo "2651"]
[Annotator "TA"]
[PlyCount "90"]
[EventDate "2022.09.17"]
[EventType "team-tourn"]
[EventCountry "ESP"]
[SourceTitle "playchess.com"]
[Source "ChessBase"]
[SourceQuality "1"]
[TimeControl "5400+30"]

1. e4 e5 2. Nf3 Nc6 3. Bc4 Nf6 4. d3 Bc5 5. O-O d6 6. c3 a6 7. Bb3 O-O 8. Re1 Ba7 9. h3 h6 10. Nbd2 Be6 11. Bc2 Re8 12. Nf1 {C54: Giuoco Piano: 4 c3 Nf6, main lines with 5 d4 and 5 d3.} d5 13. exd5 Bxd5 {The main line 13...Bxd5 scores better than 13...Nxd5.} 14. Ng3 Bc5 15. b4 Bf8 16. a4 b5 17. Be3 Qd7 {[#]} 18. Ne4 $146 {With the idea Nxf6+.} ({Predecessor:} 18. Nd2 Rad8 19. Nde4 Nxe4 20. dxe4 Be6 21. Qxd7 Rxd7 22. axb5 axb5 23. Red1 Rc8 24. Rxd7 Bxd7 {½-½ (24) Kopeikin,V (2430)-Jung,R (2272) ICCF email 2016}) 18... Qe6 19. Nfd2 Nd7 20. Ng3 {[%cal Oc3c4] next c4! is good for White.} Ne7 21. d4 Qc6 22. dxe5 Nxe5 23. Bd4 N7g6 24. axb5 axb5 25. Rxa8 Qxa8 26. Nde4 Nc4 27. Qh5 Nd6 (27... Nf4 $2 28. Qf5 Ng6 {[#]} 29. Nf6+ $1 gxf6 30. Rxe8 Qxe8 31. Qxd5 $18) 28. f3 c6 29. Nf5 Nxf5 30. Qxf5 Bd6 31. Kh1 (31. Qg4 $1 $11) 31... Bg3 ({Black should try} 31... Be5 $17) 32. Rd1 Be5 33. Bxe5 $1 Rxe5 34. Qd7 Re7 35. Qd6 Re6 36. Qg3 Qa2 37. Rd2 Qa1+ 38. Kh2 Qc1 {[#] ...f5 is the strong threat.} 39. Qf2 $1 ({But not} 39. Qb8+ Kh7 40. Rf2 Qe1 $15) 39... Ne5 40. Rd1 Qf4+ 41. Ng3 Nc4 42. Rd4 Qe5 (42... Qc1 $5 ) 43. Bf5 {The position is equal.} Re7 44. Be4 Bxe4 45. Rxe4 Qc7 {Weighted Error Value: White=0.09 (flawless) /Black=0.07 (flawless)} 1/2-1/2

[Event "ESP-chT Honor Division 2022"]
[Site "Linares"]
[Date "2022.09.23"]
[Round "7.3"]
[White "Iturrizaga Bonelli, Eduardo"]
[Black "Korobov, Anton"]
[Result "0-1"]
[ECO "A17"]
[WhiteElo "2630"]
[BlackElo "2671"]
[Annotator "TA"]
[PlyCount "80"]
[EventDate "2022.09.17"]
[EventType "team-tourn"]
[EventCountry "ESP"]
[SourceTitle "playchess.com"]
[Source "ChessBase"]
[SourceQuality "1"]
[TimeControl "5400+30"]

1. c4 Nf6 2. Nc3 e6 3. Nf3 d5 4. e3 a6 5. b3 Bd6 6. Bb2 {[%emt 0:00:51] A17: English Opening: 1...Nf6 with ...Bb4.} b6 7. cxd5 exd5 8. g3 {[%emt 0:00:04] The position is equal.} O-O 9. Bg2 Bb7 10. O-O Nbd7 11. Rc1 Re8 12. Ne2 Rc8 13. d4 Ne4 {[%emt 0:04:09] [#]} 14. Bh3 $146 ({Predecessor:} 14. Nf4 Bxf4 15. exf4 f6 16. Re1 c6 17. Ba3 Nf8 18. Nh4 Qd7 19. Qd3 a5 20. Re3 {0-1 (36) Gukesh,D (2547)-Abdusattorov,N (2635) Moscow 2019}) 14... c5 15. dxc5 bxc5 16. Nf4 Bxf4 17. exf4 ({Reject} 17. gxf4 Rc6 $11) 17... Rc7 18. b4 c4 19. Bd4 a5 20. a3 axb4 21. axb4 Bc6 22. Ba1 Ndf6 23. Ne5 Qb8 24. f3 Nd6 25. Nxc6 (25. Bd4 {looks sharper.} Bd7 26. Nxd7 Nxd7 27. Re1) 25... Rxc6 26. Bxf6 gxf6 27. Qxd5 Qb6+ 28. Kh1 {[%emt 0:00:04] aiming for Bd7.} Rd8 {[%emt 0:06:19] Against Bd7} 29. Rfd1 Nb7 30. Qh5 Rxd1+ 31. Rxd1 {[%emt 0:00:04] Rd7 would kill now.} Nd6 ({Black should play} 31... Qe3 $11) 32. Bd7 Rc7 {[%emt 0:02:32][%cal Ob6f2] [#] Strongly threatening ...Qf2!} 33. Bf5 $40 {[%emt 0:00:06][%mdl 128] White has some attack.} (33. Kg2 $1 $14) 33... Qf2 $1 $11 {[%emt 0:02:36][%cal Oh7h6] And now ...h6! would win.} 34. Qxh7+ Kf8 35. Qh8+ Ke7 36. Qa8 c3 37. Qd5 $1 Nxf5 {[%emt 0:00:33] The board is on fire.} 38. Qd8+ (38. Qe4+ Kf8 39. Qxf5 Qxf3+ 40. Kg1 Qxd1+ 41. Kg2 c2 42. Qxf6 c1=Q 43. Qh8+ Ke7 44. Qe5+ Kd8 45. Qg5+ Kc8 46. Qf5+ Kb7 47. Qb5+ Ka8 48. Qe8+ Rc8 49. Qe4+ Qc6 50. Qxc6+ Rxc6 51. h4 Rc2+ 52. Kh3 f5 53. b5 Qh1#) 38... Ke6 39. Qd5+ Ke7 {[%emt 0:00:03][%cal Oe7f8] ( -> ...Kf8!)} 40. g4 $2 {[%emt 0:01:30][%mdl 8192] [#]} (40. Qe4+ Kf8 41. Rg1 c2 $1 42. Rc1 Ne3) (40. Qd8+ $11 Ke6 41. Qd5+ Ke7) 40... Qg2+ $2 {[%emt 0:01:31][%mdl 32768] Weighted Error Value: White=0.16 (very precise) /Black=0.05 (flawless) . Loss on time!?} 0-1

[Event "ESP-chT Honor Division 2022"]
[Site "Linares"]
[Date "2022.09.23"]
[Round "7.4"]
[White "Alonso Rosell, Alvar"]
[Black "Yuffa, Daniil"]
[Result "1/2-1/2"]
[ECO "D37"]
[WhiteElo "2564"]
[BlackElo "2600"]
[Annotator "TA"]
[PlyCount "81"]
[EventDate "2022.09.17"]
[EventType "team-tourn"]
[EventCountry "ESP"]
[SourceTitle "playchess.com"]
[Source "ChessBase"]
[SourceQuality "1"]
[TimeControl "5400+30"]

1. d4 {[%emt 0:00:03] Edouard,Romain} Nf6 2. c4 e6 3. Nf3 d5 4. Nc3 Be7 5. Bf4 O-O 6. e3 Nbd7 7. c5 Nh5 8. Bd3 {[%emt 0:00:06] D37: Queen's Gambit Declined: 5 Bf4.} Nxf4 9. exf4 b6 10. b4 {[%emt 0:00:10] The position is equal.} a5 11. a3 c6 12. O-O Ba6 {[%emt 0:08:33] The modern move.} 13. Ne2 Qc7 14. h4 {[%emt 0:00:59] [#]} Ra7 $146 ({Predecessor:} 14... h6 15. g3 Bc4 16. Qc2 b5 17. Rfe1 Ra7 18. Nc3 Rfa8 19. Rab1 axb4 20. axb4 Bxd3 21. Qxd3 {1-0 (47) Ding,L (2805)-Grischuk,A (2777) Ekaterinburg 2021 CBM 202 [Edouard,Romain]}) 15. g3 Rfa8 {[%emt 0:06:42] [#] Threatens to win with ...Bxd3.} 16. Bxa6 Rxa6 17. Rb1 axb4 18. axb4 b5 19. Kg2 Ra2 20. Nc3 R2a3 21. Qc2 Bf6 22. Rfe1 R8a6 23. Re2 Ra8 24. Qd3 R8a6 25. Rc2 Ra8 26. Rbb2 R8a6 27. Qd2 Ra1 28. Ra2 R1xa2 29. Rxa2 Qa7 30. Rxa6 Qxa6 31. Qa2 Nb8 32. Qb2 Nd7 33. Kf1 Bd8 34. Kg2 Bc7 35. Kf1 f6 (35... Bd8 $11 {is more appropriate.}) 36. Kg2 Nf8 37. Ne2 Ng6 38. Nc3 Nf8 39. Ne2 Ng6 40. Nc3 Nf8 41. Ne2 {[%emt 0:00:11] Weighted Error Value: White=0.08 (flawless) /Black=0.07 (flawless)} 1/2-1/2

[Event "ESP-chT Honor Division 2022"]
[Site "Linares"]
[Date "2022.09.23"]
[Round "7.5"]
[White "Ibarra Jerez, Jose Carlos"]
[Black "Henderson de La Fuente, Lance"]
[Result "0-1"]
[ECO "A45"]
[WhiteElo "2570"]
[BlackElo "2504"]
[Annotator "TA"]
[PlyCount "48"]
[EventDate "2022.09.17"]
[EventType "team-tourn"]
[EventCountry "ESP"]
[SourceTitle "playchess.com"]
[Source "ChessBase"]
[SourceQuality "1"]
[TimeControl "5400+30"]

1. d4 Nf6 2. Nc3 d5 3. Bf4 c5 4. e4 Nxe4 5. Nxe4 dxe4 6. dxc5 {[%emt 0:00:24] D00: 1 d4 d5: Unusual lines.} Qa5+ 7. c3 {[%emt 0:00:48] And now b4 would win.} Qxc5 8. Qa4+ {[%emt 0:00:29] The position is equal.} Nc6 9. Qxe4 Bf5 10. Qa4 e5 11. Be3 Qa5 12. Qxa5 Nxa5 13. O-O-O f6 {[%emt 0:03:28] [#]} 14. b4 $146 (14. Bb5+ $14 Nc6 15. Bc4) ({Predecessor:} 14. f4 exf4 15. Bxf4 Be6 16. Nf3 Kf7 17. Ng1 Nc6 18. Nf3 Bc5 19. Bb5 Rad8 20. Bc7 Rxd1+ 21. Rxd1 {0-1 (48) Niemann,H (2642)-Aronian,L (2772) Chess.com INT 2022}) 14... Nc6 $11 15. Kb2 Be6 {[%emt 0:07:40] Prevents Bc4.} 16. Nf3 a5 17. b5 Nb8 (17... Ne7 $1 $11) 18. b6 (18. Nd2 $1 $14) 18... Be7 (18... a4 $15) 19. Bb5+ Kf7 20. Nd2 (20. a4 $1 $11 {keeps the balance.}) 20... a4 $1 $17 21. f4 a3+ 22. Kc2 {[%emt 0:03:24] [#]} Rc8 $1 {[%emt 0:02:05] ...Na6 is the strong threat.} ({Worse is} 22... Bxa2 23. fxe5 Rc8 24. exf6 gxf6 25. Nb3 $15) 23. fxe5 {[%emt 0:05:04] [#]} Ra5 $1 ({And not} 23... fxe5 24. Rhf1+ Kg8 25. Nb3 $17) ({Not} 23... Bxa2 24. exf6 gxf6 25. Nb3 $11) 24. exf6 $2 (24. Bd3 $17) 24... Rxb5 {[%emt 0:00:32] Weighted Error Value: White=0.52/Black=0.13 (very precise)} 0-1

[Event "ESP-chT Honor Division 2022"]
[Site "Linares"]
[Date "2022.09.23"]
[Round "7.6"]
[White "Cramling, Pia"]
[Black "Batsiashvili, Nino"]
[Result "1/2-1/2"]
[ECO "A43"]
[WhiteElo "2468"]
[BlackElo "2477"]
[Annotator "TA"]
[PlyCount "121"]
[EventDate "2022.09.17"]
[EventType "team-tourn"]
[EventCountry "ESP"]
[SourceTitle "playchess.com"]
[Source "ChessBase"]
[SourceQuality "1"]
[TimeControl "5400+30"]

1. d4 Nf6 2. Nf3 c5 3. d5 b5 4. c4 b4 5. Qc2 g6 6. e4 d6 7. Bd3 {[%emt 0:01:11] A57: Benko/Volga Gambit.} (7. a3 $5 ) 7... Bg7 8. h3 O-O 9. O-O {[%emt 0:00:57] [#]} Nfd7 $146 ({Predecessor:} 9... e6 10. Nbd2 exd5 11. cxd5 Nbd7 12. Nc4 Nb6 13. Re1 Ba6 14. Bf4 Bxc4 15. Bxc4 Nxc4 16. Qxc4 {1-0 (40) Caruana,F (2781)-Dubov,D (2711) Chess.com INT 2022}) 10. Be3 Na6 11. Nbd2 b3 12. axb3 Nb4 13. Qb1 Nxd3 14. Qxd3 Bxb2 15. Ra2 Bg7 16. Nb1 Qb6 17. Qc2 Nb8 18. Nc3 Na6 19. Raa1 {[%emt 0:01:31] White is more active.} Rb8 20. Rab1 f5 21. Ne2 (21. Qc1 $14) 21... h6 {[%emt 0:07:03] [#]} (21... Nb4 $11 22. Qd2 fxe4) 22. Nh4 $1 $16 f4 (22... Nb4 $16 23. Qd2 Kh7) 23. Nxf4 $18 Rxf4 24. Bxf4 g5 25. Bg3 {[%emt 0:00:43] aiming for Ng6.} gxh4 26. Bxh4 Nb4 27. Qe2 Qd8 28. f4 Qf8 29. g4 ({Better is} 29. Rf3) 29... Bd4+ $16 30. Kh1 Qg7 31. Bg3 Bb7 32. Kh2 Re8 33. e5 dxe5 34. fxe5 Qg6 (34... e6 $16) 35. e6 $18 {[%emt 0:02:59] Strongly threatening Rf5.} Nc2 (35... Nxd5 {was necessary.} 36. cxd5 Bxd5) 36. Rbc1 Ne3 37. Rf3 ({White should try} 37. Rf7 $18) 37... Nxd5 $1 $14 38. cxd5 Bxd5 {[%emt 0:00:04] A strong pair of Bishops.} 39. Rf5 Bxe6 40. Rfxc5 Bxc5 41. Rxc5 Bxb3 42. Qe3 Bf7 43. Bf4 Kh7 44. Kg3 {[%emt 0:00:36] [#] Rh5 is the strong threat.} Qb6 45. Rc7 Qxe3+ {[%emt 0:01:35] The position is equal.} (45... e5 {looks sharper.} 46. Rxf7+ Kg6 47. Qxb6+ axb6 48. Rf5 exf4+ 49. Kxf4 Rc8) 46. Bxe3 $11 {[%emt 0:00:01][%mdl 4096] Endgame KRB-KRB} h5 47. Rxa7 hxg4 48. hxg4 Kg6 49. Ra6+ e6 50. Kf4 Rc8 51. Rd6 Rc4+ 52. Rd4 Rc6 53. Rd8 Ra6 54. Bd4 Ra5 55. Be5 Ra4+ 56. Rd4 Ra1 57. Rd3 Rh1 58. Rf3 Be8 59. Kg3 Rg1+ 60. Kf2 Rxg4 61. Rg3 {[%emt 0:00:07] Black defended with fortune.  Weighted Error Value: White=0.18 (very precise) /Black=0.16 (very precise)} 1/2-1/2

[Event "ESP-chT Honor Division 2022"]
[Site "Linares"]
[Date "2022.09.23"]
[Round "7.7"]
[White "Nihal Sarin"]
[Black "Kryvoruchko, Yuriy"]
[Result "1/2-1/2"]
[ECO "C67"]
[WhiteElo "2677"]
[BlackElo "2669"]
[Annotator "TA"]
[PlyCount "69"]
[EventDate "2022.09.17"]
[EventType "team-tourn"]
[EventCountry "ESP"]
[SourceTitle "playchess.com"]
[Source "ChessBase"]
[SourceQuality "1"]
[TimeControl "5400+30"]

1. e4 e5 2. Nf3 Nc6 3. Bb5 Nf6 4. O-O Nxe4 5. Re1 Nd6 6. a4 {[%emt 0:00:05] C67: Ruy Lopez: Berlin Defence: 4 0-0 Nxe4.} Be7 7. Nc3 {[%emt 0:00:11] Inhibits e4.} O-O 8. d4 e4 9. Nxe4 Nxe4 10. Rxe4 d5 11. Re1 Bg4 12. Bxc6 bxc6 13. Qd3 Bxf3 14. Qxf3 c5 15. dxc5 Bxc5 16. b3 {[%emt 0:00:06] [#]} Bd4 $146 ({Predecessor:} 16... Re8 17. Bb2 Qd6 18. Qc3 f6 19. Qd3 c6 20. g3 Qd7 21. Bc3 Rxe1+ 22. Rxe1 Re8 23. Rxe8+ Qxe8 {1-0 (42) Maurizzi,M (2506)-Barrish,D (2283) Bastia 2022}) 17. c3 Bf6 18. Ba3 Re8 19. Bc5 c6 20. Rxe8+ Qxe8 21. a5 Qe5 22. Bd4 Qd6 23. Bxf6 Qxf6 $14 {[%emt 0:00:03][%mdl 4096] Endgame KQR-KQR} 24. Qe3 Qe6 25. Qc5 Re8 {[%emt 0:00:08][%cal Oe6e1] [#] ( -> ...Qe1+!)} 26. h3 a6 27. Qb6 Qc8 28. c4 Re6 29. Qc5 dxc4 30. bxc4 h6 {[%emt 0:00:06] The position is equal.} 31. Rd1 Rf6 32. Rd6 Re6 33. Rd1 Rf6 34. Rd6 Re6 35. Rd1 {[%emt 0:00:26] Weighted Error Value: White=0.07 (flawless) /Black=0.06 (flawless)} 1/2-1/2

[Event "ESP-chT Honor Division 2022"]
[Site "Linares"]
[Date "2022.09.23"]
[Round "7.8"]
[White "Anton Guijarro, David"]
[Black "Hakobyan, Aram"]
[Result "1/2-1/2"]
[ECO "A06"]
[WhiteElo "2662"]
[BlackElo "2611"]
[Annotator "TA"]
[PlyCount "85"]
[EventDate "2022.09.17"]
[EventType "team-tourn"]
[EventCountry "ESP"]
[SourceTitle "playchess.com"]
[Source "ChessBase"]
[SourceQuality "1"]
[TimeControl "5400+30"]

1. Nf3 d5 2. e3 Nf6 3. c4 e6 4. Nc3 Be7 5. b3 O-O 6. Bb2 c5 {[%emt 0:00:52] The main line 6...c5 scores better than 6...b6.} 7. cxd5 exd5 8. d4 {[%emt 0:00:35] A13: English Opening: 1...e6.} Nc6 9. Be2 Ne4 10. dxc5 {[%emt 0:01:26] White has an edge.} Qa5 11. Rc1 Bf6 12. Nd4 $1 Nxc5 13. Nxc6 $1 bxc6 14. Qd2 {[%emt 0:00:32][%cal Oc3a4] [#]} d4 $146 ({Predecessor:} 14... Ba6 15. Nd1 Qxd2+ 16. Kxd2 Ne4+ 17. Ke1 Bxe2 18. Kxe2 Rfc8 19. Bxf6 Nxf6 20. Nb2 c5 {½-½ (110) Carlsen,M (2864)-Ding,L (2799) chess24.com INT 2022}) 15. exd4 Rd8 {[%emt 0:02:28] [#]} 16. Ne4 $1 Qxd2+ 17. Nxd2 Ne6 18. Ne4 Bxd4 19. Bxd4 Nxd4 20. Bc4 Bf5 (20... Re8 $5 21. f3 $8 Bf5 $11) 21. Ng3 Nc2+ 22. Ke2 Bg6 23. Rhd1 Nb4 24. f4 Nxa2 {[%emt 0:04:07] Threatens to win with ...Rxd1.} 25. Rxd8+ Rxd8 26. Ra1 Nc3+ 27. Ke3 {[%emt 0:02:53] Black must now prevent f5.} Nd5+ 28. Kf3 {[%emt 0:00:32] Strongly threatening f5.} Bc2 29. Rxa7 Re8 30. Kf2 h5 31. Ne2 {[%emt 0:05:03] White wants to play Nd4.} Be4 32. Nd4 Ne7 33. g3 Kf8 34. Nf3 Bxf3 35. Kxf3 $11 {[%emt 0:00:04][%mdl 4096] Endgame KRB-KRN} Nd5 36. Ra5 Re3+ 37. Kf2 Rc3 38. Ra6 f5 (38... Ke8 $11 {keeps the balance.}) 39. Rxc6 $16 Rc2+ 40. Kf3 Rc3+ {[%emt 0:00:10] [#]} (40... Nf6 $14 41. Rc8+ Ke7) 41. Kf2 (41. Kg2 $1 $16 Ne3+ 42. Kh3) 41... Rc2+ $11 42. Kf3 ({Better is} 42. Ke1 $11 Ne3 43. Rc8+ Ke7 44. Rc7+ Kd6 45. Rxg7) 42... Rc3+ $16 {[%emt 0:00:01] [#]} 43. Kf2 {[%emt 0:00:51] Weighted Error Value: White=0.11 (very precise) /Black=0.06 (flawless)} ({Only move:} 43. Kg2 $1 $16 Ne3+ 44. Kh3) 1/2-1/2